APL (24 & UNDER)
MONTGOMERY GREY SOX @ ATHENS ASSASSINS
07/05/2027
 
TOP OF THE 1ST
Montgomery Grey Sox batting - Pitching for Athens Assassins : RHP Don Ford
Pitching: RHP Don Ford
Batting: RHB Luis Pineda 0-0: Ball
1-0: Ball
2-0: Reached on error, E9 (Flyball, 9S)
Batting: SHB Joe Pierce 0-0: Called Strike
0-1: SINGLE (Flyball, 8RS)
Luis Pineda to second
Runner from 2nd tries for 3rd, SAFE, throw made to third
Batting: LHB Bob Jones 0-0: Called Strike
0-1: Ball
1-1: Ball
2-1: Foul Ball, location: 2F
2-2: Strikes out swinging
Batting: RHB Bryant von Bohlen 0-0: Ball
1-0: Reached on error, E6 (Groundball, 56)
Luis Pineda scores
Joe Pierce to second
Batting: RHB António Nevárez 0-0: Ball
1-0: Ball
2-0: Called Strike
2-1: Foul Ball, location: 2F
2-2: Ball
3-2: Strikes out swinging
Bryant von Bohlen is caught stealing 2nd base
Batter strikes out.
Top of the 1st over - 1 run(s), 1 hit(s), 2 error(s), 1 left on base; Montgomery 1 - Athens 0
BOTTOM OF THE 1ST
Athens Assassins batting - Pitching for Montgomery Grey Sox : RHP Brian Barker
Pitching: RHP Brian Barker
Batting: LHB Milo Glenn 0-0: Foul Ball, location: 2F
0-1: Ball
1-1: Foul Ball, location: 2F
1-2: Ground out 1-3 (Groundball, P)
Batting: RHB Jorge Loanos 0-0: Fly out, F8 (Flyball, 89M)
Batting: RHB Roderick Silva 0-0: Ground out 5-3 (Groundball, 5)
Bottom of the 1st over - 0 run(s), 0 hit(s), 0 error(s), 0 left on base; Montgomery 1 - Athens 0
TOP OF THE 2ND
Montgomery Grey Sox batting - Pitching for Athens Assassins : RHP Don Ford
Batting: LHB Amlak Saitoti 0-0: Called Strike
0-1: Ball
1-1: Foul Ball, location: 2F
1-2: Ground out U3 (Groundball, 3)
Batting: LHB Gilbert Stegall 0-0: Ground out 5-3 (Groundball, 56S)
Batting: RHB Sergio Gonzáles 0-0: Ball
1-0: Called Strike
1-1: Ball
2-1: Ball
3-1: Base on Balls
Batting: RHB Félix Guillén 0-0: Ball
1-0: Swinging Strike
1-1: Swinging Strike
1-2: Ball
2-2: Strikes out looking
Top of the 2nd over - 0 run(s), 0 hit(s), 0 error(s), 1 left on base; Montgomery 1 - Athens 0
BOTTOM OF THE 2ND
Athens Assassins batting - Pitching for Montgomery Grey Sox : RHP Brian Barker
Batting: RHB Foster Hapgood 0-0: Fly out, F8 (Flyball, 78XD)
Batting: RHB Jimmy King 0-0: Ball
1-0: Foul Ball, location: 2F
1-1: Ball
2-1: Ground out 5-3 (Groundball, 56S)
Batting: RHB Emílio García 0-0: Ball
1-0: Ball
2-0: Fly out, F8 (Flyball, 8LS)
Bottom of the 2nd over - 0 run(s), 0 hit(s), 0 error(s), 0 left on base; Montgomery 1 - Athens 0
TOP OF THE 3RD
Montgomery Grey Sox batting - Pitching for Athens Assassins : RHP Don Ford
Batting: RHB Luis Pineda 0-0: Ground out 6-3 (Groundball, 6M)
Batting: SHB Joe Pierce 0-0: Fly out, F8 (Line Drive, 8LM)
Batting: LHB Bob Jones 0-0: Foul Ball, location: 2F
0-1: Ball
1-1: Ball
2-1: Ball
3-1: Base on Balls
Batting: RHB Bryant von Bohlen 0-0: Ball
Bob Jones steals 2nd base
1-0: Foul Ball, location: 2F
1-1: Foul Ball, location: 2F
1-2: Ball
2-2: Ball
3-2: Foul Ball, location: 2F
3-2: Foul Ball, location: 2F
3-2: SINGLE (Line Drive, 89S)
Bob Jones to third
Bob Jones scores
Batting: RHB António Nevárez 0-0: Called Strike
0-1: Called Strike
0-2: SINGLE (Groundball, 25) (infield hit)
Bryant von Bohlen to second
Batting: LHB Amlak Saitoti 0-0: Foul Ball, location: 2F
0-1: Foul Ball, location: 2F
0-2: Foul Ball, location: 2F
0-2: Foul Ball, location: 2F
0-2: Strikes out looking
Top of the 3rd over - 1 run(s), 2 hit(s), 0 error(s), 2 left on base; Montgomery 2 - Athens 0
BOTTOM OF THE 3RD
Athens Assassins batting - Pitching for Montgomery Grey Sox : RHP Brian Barker
Batting: LHB George Flanagan 0-0: Ball
1-0: SINGLE (Flyball, 7S)
Batting: RHB Randall Walker 0-0: Ground out 5-3 (Groundball, 25)
George Flanagan to second
Batting: LHB Miguel García 0-0: Ball
1-0: Called Strike
1-1: Reached on error, E9 (Flyball, 9)
George Flanagan to third
Batting: LHB Milo Glenn 0-0: Fly out, F8 (Line Drive, 8LXD)
Runner from 3rd tags up, SCORES, no throw
Batting: RHB Jorge Loanos 0-0: Ball
1-0: Swinging Strike
1-1: Foul Ball, location: 2F
1-2: Strikes out swinging
Bottom of the 3rd over - 1 run(s), 1 hit(s), 1 error(s), 1 left on base; Montgomery 2 - Athens 1
TOP OF THE 4TH
Montgomery Grey Sox batting - Pitching for Athens Assassins : RHP Don Ford
Batting: LHB Gilbert Stegall 0-0: Ball
1-0: Ground out 5-3 (Groundball, 56)
Batting: RHB Sergio Gonzáles 0-0: Ball
1-0: Ball
2-0: Called Strike
2-1: Ball
3-1: Called Strike
3-2: Foul Ball, location: 2F
3-2: Foul Ball, location: 2F
3-2: Foul Ball, location: 2F
3-2: Foul Ball, location: 2F
3-2: Fly out, F7 (Flyball, 7D)
Batting: RHB Félix Guillén 0-0: Ball
1-0: Called Strike
1-1: Ball
2-1: Foul Ball, location: 2F
2-2: Strikes out swinging
Top of the 4th over - 0 run(s), 0 hit(s), 0 error(s), 0 left on base; Montgomery 2 - Athens 1
BOTTOM OF THE 4TH
Athens Assassins batting - Pitching for Montgomery Grey Sox : RHP Brian Barker
Batting: RHB Roderick Silva 0-0: Swinging Strike
0-1: Foul Ball, location: 2F
0-2: Ball
1-2: Fly out, F8 (Flyball, 8RXD)
Batting: RHB Foster Hapgood 0-0: Called Strike
0-1: Foul Ball, location: 2F
0-2: Foul Ball, location: 2F
0-2: Ball
1-2: Strikes out swinging
Batting: RHB Jimmy King 0-0: Ball
1-0: Ground out 6-3 (Groundball, 6)
Bottom of the 4th over - 0 run(s), 0 hit(s), 0 error(s), 0 left on base; Montgomery 2 - Athens 1
TOP OF THE 5TH
Montgomery Grey Sox batting - Pitching for Athens Assassins : RHP Don Ford
Batting: RHB Luis Pineda 0-0: Ball
1-0: SINGLE (Groundball, 56D)
Batting: SHB Joe Pierce 0-0: Ball
1-0: SINGLE (Line Drive, 6D)
Luis Pineda to second
Batting: LHB Bob Jones 0-0: Ball
1-0: Fly out, F8 (Flyball, 8RS)
Batting: RHB Bryant von Bohlen 0-0: Called Strike
0-1: Ball
1-1: Grounds into double play, 3-6-3 (Groundball, 34)
Top of the 5th over - 0 run(s), 2 hit(s), 0 error(s), 1 left on base; Montgomery 2 - Athens 1
BOTTOM OF THE 5TH
Athens Assassins batting - Pitching for Montgomery Grey Sox : RHP Brian Barker
Batting: RHB Emílio García 0-0: Called Strike
0-1: Foul Ball, location: 2F
0-2: Foul Ball, location: 2F
0-2: Strikes out swinging
Pitching: LHP Raúl Coranillo
Batting: LHB George Flanagan 0-0: Called Strike
0-1: Foul Ball, location: 2F
0-2: Strikes out looking
Batting: RHB Randall Walker 0-0: Called Strike
0-1: SINGLE (Groundball, 6MD)
Batting: LHB Miguel García 0-0: Ball
1-0: Called Strike
1-1: Swinging Strike
1-2: Strikes out swinging
Bottom of the 5th over - 0 run(s), 1 hit(s), 0 error(s), 1 left on base; Montgomery 2 - Athens 1
TOP OF THE 6TH
Montgomery Grey Sox batting - Pitching for Athens Assassins : RHP Don Ford
Batting: RHB António Nevárez 0-0: Ball
1-0: Swinging Strike
1-1: Swinging Strike
1-2: Strikes out looking
Pitching: RHP José Moreno
Batting: LHB Amlak Saitoti 0-0: Ball
1-0: Called Strike
1-1: Called Strike
1-2: Strikes out swinging
Batting: LHB Gilbert Stegall 0-0: Fly out, F8 (Line Drive, 8LM)
Top of the 6th over - 0 run(s), 0 hit(s), 0 error(s), 0 left on base; Montgomery 2 - Athens 1
BOTTOM OF THE 6TH
Athens Assassins batting - Pitching for Montgomery Grey Sox : LHP Raúl Coranillo
Batting: LHB Milo Glenn 0-0: Swinging Strike
0-1: Ball
1-1: Ball
2-1: Ground out U3 (Groundball, 34)
Batting: RHB Jorge Loanos 0-0: Ball
1-0: SINGLE (Groundball, 6M) (infield hit)
Batting: RHB Roderick Silva 0-0: DOUBLE (Flyball, 78XD)
Jorge Loanos to third
Batting: RHB Foster Hapgood 0-0: SINGLE (Groundball, 56) (infield hit)
Jorge Loanos scores
Roderick Silva to third
Batting: RHB Jimmy King 0-0: Swinging Strike
0-1: Foul Ball, location: 2F
0-2: Strikes out swinging
Batting: RHB Emílio García 0-0: Foul Ball, location: 2F
0-1: Ball
1-1: Called Strike
1-2: Foul Ball, location: 2F
1-2: Ball
2-2: Strikes out swinging
Bottom of the 6th over - 1 run(s), 3 hit(s), 0 error(s), 2 left on base; Montgomery 2 - Athens 2
TOP OF THE 7TH
Montgomery Grey Sox batting - Pitching for Athens Assassins : RHP José Moreno
Pinch Hitting: RHB Frederick Curtis 0-0: Ball
1-0: Ball
2-0: Called Strike
2-1: Ball
3-1: Base on Balls
Batting: RHB Félix Guillén 0-0: Bunted foul
0-1: Ball
1-1: Bunt missed!
1-2: Ball
2-2: Grounds into double play, 6-4-3 (Groundball, 6)
Pinch Hitting: SHB Hoyt Norris 0-0: Ball
1-0: Ball
2-0: Swinging Strike
2-1: Swinging Strike
2-2: Ball
3-2: Strikes out swinging
Top of the 7th over - 0 run(s), 0 hit(s), 0 error(s), 0 left on base; Montgomery 2 - Athens 2
BOTTOM OF THE 7TH
Athens Assassins batting - Pitching for Montgomery Grey Sox : LHP Raúl Coranillo
Now at 1B: Frederick Curtis
Now in LF: Hoyt Norris
Pinch Hitting: RHB Alexander Barr 0-0: SINGLE (Groundball, 56D)
Pinch Hitting: RHB Gunner Allen 0-0: Ball
1-0: Sac Bunt - play at first, batter OUT! 1-3
Alexander Barr to second
Pinch Hitting: RHB Gary Stephenson 0-0: Swinging Strike
0-1: Ball
1-1: Foul Ball, location: 2F
1-2: Ball
2-2: Strikes out looking
Batting: LHB Milo Glenn 0-0: Ball
1-0: Ball
2-0: Ball
3-0: Called Strike
3-1: Base on Balls
Batting: RHB Jorge Loanos 0-0: Fly out, F5 (Popup, 56)
Bottom of the 7th over - 0 run(s), 1 hit(s), 0 error(s), 2 left on base; Montgomery 2 - Athens 2
TOP OF THE 8TH
Montgomery Grey Sox batting - Pitching for Athens Assassins : RHP José Moreno
Now at 3B: Gary Stephenson
Now at SS: Fred Hubbard
Now in RF: Alexander Barr
Pinch Hitting: RHB Dean Bailey 0-0: Fly out, F8 (Flyball, 8RM)
Pitching: LHP António Yan
Batting: LHB Bob Jones 0-0: Ball
1-0: Called Strike
1-1: Fly out, F7 (Flyball, 7)
Pitching: LHP Jason Woodruff
Batting: RHB Bryant von Bohlen 0-0: Ball
1-0: Swinging Strike
1-1: Swinging Strike
1-2: Foul Ball, location: 2F
1-2: SINGLE (Groundball, 4MD)
Batting: RHB António Nevárez 0-0: Swinging Strike
0-1: Called Strike
0-2: Hit by Pitch
Bryant von Bohlen to second
Pinch Hitting: SHB Martín Palaeios 0-0: Ball
1-0: Ball
2-0: Ball
3-0: Base on Balls
Bryant von Bohlen to third
António Nevárez to second
Batting: LHB Gilbert Stegall 0-0: Called Strike
0-1: Called Strike
0-2: Foul Ball, location: 2F
0-2: Ball
1-2: Foul Ball, location: 2F
1-2: Ball
2-2: SINGLE (Groundball, 34S) (infield hit)
Bryant von Bohlen scores
António Nevárez to third
Martín Palaeios to second
Batting: RHB Frederick Curtis 0-0: Ball
1-0: Ball
2-0: Foul Ball, location: 2F
2-1: Foul Ball, location: 2F
2-2: Ball
3-2: Reached on error, E6 (Groundball, 6)
António Nevárez scores
Martín Palaeios scores
Gilbert Stegall to third
Pitching: RHP José Arévalo
Batting: RHB Félix Guillén 0-0: Ball
1-0: Fly out, F7 (Flyball, 78D)
Top of the 8th over - 3 run(s), 2 hit(s), 1 error(s), 2 left on base; Montgomery 5 - Athens 2
BOTTOM OF THE 8TH
Athens Assassins batting - Pitching for Montgomery Grey Sox : LHP Raúl Coranillo
Now at 3B: Bradley Burns
Now in RF: Martín Palaeios
Batting: RHB Roderick Silva 0-0: Called Strike
0-1: Foul Ball, location: 2F
0-2: Foul Ball, location: 2F
0-2: Ball
1-2: SOLO HOME RUN (Flyball, 78XD), Distance : 392 ft
Batting: RHB Foster Hapgood 0-0: Called Strike
0-1: Swinging Strike
0-2: Ball
1-2: Ball
2-2: Strikes out looking
Batting: RHB Jimmy King 0-0: Called Strike
0-1: SINGLE (Groundball, 4MS) (infield hit)
Pitching: RHP Ron Simmons
Batting: RHB Emílio García 0-0: Swinging Strike
0-1: Swinging Strike
0-2: Strikes out swinging
Batting: RHB Alexander Barr 0-0: Ball
1-0: Foul Ball, location: 2F
1-1: Ball
2-1: Foul Ball, location: 2F
2-2: Strikes out swinging
Bottom of the 8th over - 1 run(s), 2 hit(s), 0 error(s), 1 left on base; Montgomery 5 - Athens 3
TOP OF THE 9TH
Montgomery Grey Sox batting - Pitching for Athens Assassins : RHP José Arévalo
Batting: SHB Hoyt Norris 0-0: Called Strike
0-1: Ball
1-1: Ball
2-1: Foul Ball, location: 2F
2-2: Foul Ball, location: 2F
2-2: Fly out, F6 (Popup, 6S)
Batting: RHB Bradley Burns 0-0: Foul Ball, location: 2F
0-1: Ground out 6-3 (Groundball, 6)
Batting: LHB Bob Jones 0-0: Called Strike
0-1: Ball
1-1: Swinging Strike
1-2: Foul Ball, location: 2F
1-2: Foul Ball, location: 2F
1-2: Ground out 4-3 (Groundball, 4S)
Top of the 9th over - 0 run(s), 0 hit(s), 0 error(s), 0 left on base; Montgomery 5 - Athens 3
BOTTOM OF THE 9TH
Athens Assassins batting - Pitching for Montgomery Grey Sox : RHP Ron Simmons
Pitching: RHP Dan Gibson
Batting: RHB Fred Hubbard 0-0: Ball
1-0: Foul Ball, location: 2F
1-1: Ball
2-1: SINGLE (Line Drive, 4MD)
Pinch Hitting: RHB George Arnold 0-0: Called Strike
0-1: Foul Ball, location: 2F
0-2: Ball
1-2: Grounds into double play, 6-4-3 (Groundball, 6)
Batting: LHB Milo Glenn 0-0: Foul Ball, location: 2F
0-1: Foul Ball, location: 2F
0-2: Strikes out swinging
Bottom of the 9th over - 0 run(s), 1 hit(s), 0 error(s), 0 left on base; Montgomery 5 - Athens 3
Thursday, March 30th, 2017 - OOTP Baseball 17.12 Build 75